 Dungeon Crawl Stone Soup version 0.26-a0-639-g72c4674329 (webtiles) character file.

Game seed: 10571696092850719448

86 Lanoc the Firebug (level 4, -3/30 HPs)
             Began as a Demonspawn Fire Elementalist on Sept 28, 2020.
             Killed by divine providence
             ... invoked by an orc priest
              (12 damage)
             ... on level 4 of the Dungeon.
             The game lasted 00:02:28 (1561 turns).

Lanoc the Firebug (Demonspawn Fire Elementalist)    Turns: 1561, Time: 00:02:29

Health: -3/30      AC:  2    Str:  8    XL:     4   Next: 26%
Magic:  1/7        EV: 13    Int: 17    God:
Gold:   55         SH:  0    Dex: 14    Spells: 6/7 levels left

rFire    . . .     SeeInvis .   (no weapon)
rCold    . . .     Faith    .   (no shield)
rNeg     . . .     Spirit   .   a - +0 robe
rPois    .         Reflect  .   (no helmet)
rElec    .         Harm     .   (no cloak)
rCorr    .         Rampage  .   (no gloves)
MR       .....                  (no boots)
Stlth    ++........             (no amulet)
HPRegen  0.10/turn              (no ring)
MPRegen  0.10/turn              (no ring)

@: no status effects
A: demonic guardian 1, powered by death 1
a: no special abilities


You were on level 4 of the Dungeon.
You visited 1 branch of the dungeon, and saw 4 of its levels.

You collected 55 gold pieces.

Inventory:

Armour
 a - a +0 robe (worn)
Scrolls
 b - a scroll of enchant weapon {unknown}
 c - a scroll of fear {unknown}
 e - a scroll of remove curse {unknown}
Potions
 d - a potion of curing


   Skills:
 + Level 2.7 Dodging
 - Level 1.7 Stealth
 - Level 2.0 Spellcasting
 - Level 1.0 Conjurations
 * Level 4.1 Fire Magic


You had 6 spell levels left.
You knew the following spells:

 Your Spells              Type           Power        Failure   Level
a - Foxfire               Conj/Fire      ##..         7%          1

Your spell library contained the following spells:

 Spells                   Type           Power        Failure   Level
 Conjure Flame            Conj/Fire      ##......     21%         3
 Inner Flame              Hex/Fire       #.......     26%         3
 Sticky Flame             Conj/Fire      ##......     56%         4
 Fireball                 Conj/Fire      ##........   88%         5


Dungeon Overview and Level Annotations

Branches:
Dungeon (4/15)
 Temple: D:4-7

Altars:
Nemelex Xobeh


Innate Abilities, Weirdness & Mutations

A weak demonic guardian rushes to your aid.
You regenerate a little health from kills.


Message History

The orc priest is almost dead.
The orc barely misses you.
The orc priest hits you with a +0 hand axe!
An adder comes into view.
It was a potion of curing.
You feel better. The orc priest closely misses you. The orc barely misses you.
The orc priest looks encouraged for a moment.
The orc priest closely misses you. The orc closely misses you.
The orc priest calls down the wrath of Beogh upon you.
Beogh smites you!
* * * LOW HITPOINT WARNING * * *
Your white imp hits the orc priest but does no damage.
The orc priest barely misses you.
The orc priest hits your white imp with a +0 hand axe.
You see here a pair of gloves.
Your white imp hits the orc priest but does no damage.
The orc priest looks encouraged for a moment.
The orc priest calls down the wrath of Beogh upon you.
Beogh smites you!
You die...

###
.############.###
S.........oo.@..#
#.........5###.#
#.####.....### .#
#..o....# .#
.####.....#.# #
..........#.#.#
.####........#
#.#)###.###
#.....[...#


You could see 2 orc priests, an orc and a friendly white imp (summoned).

Vanquished Creatures
  An orc wizard (D:4)
  3 adders (D:3)
  A goblin (D:3)
  4 hobgoblins (D:3)
  A kobold (D:2)
  A frilled lizard (D:2)
  3 rats
14 creatures vanquished.

Vanquished Creatures (collateral kills)
  An orc priest (D:3)
  An adder (D:4)
  2 orcs (D:3)
4 creatures vanquished.

Vanquished Creatures (others)
  77 foxfires
77 creatures vanquished.

Grand Total: 95 creatures vanquished

Notes
Turn   | Place    | Note
-------+----------+-------------------------------------------
     0 | D:1      | Lanoc the Demonspawn Fire Elementalist began the quest for
                  | the Orb.
     0 | D:1      | Reached XP level 1. HP: 13/13 MP: 3/3
   197 | D:2      | Found a sparkling altar of Nemelex Xobeh.
   400 | D:3      | Reached skill level 3 in Fire Magic
   400 | D:3      | Gained mutation: A weak demonic guardian rushes to your
                  | aid. [demonic ancestry]
   400 | D:3      | Reached XP level 2. HP: 19/19 MP: 0/5
   815 | D:3      | Reached XP level 3. HP: 24/24 MP: 2/6
  1543 | D:4      | Reached skill level 4 in Fire Magic
  1543 | D:4      | Gained mutation: You regenerate a little health from kills.
                  | [demonic ancestry]
  1543 | D:4      | Reached XP level 4. HP: 30/30 MP: 3/7
  1561 | D:4      | Killed from afar by an orc priest

Illustrated notes

Levels and vault maps discovered:
D:1:      ncdulo_wetmaze, layout_basic
D:2:      layout_loops_corners, marbit_many_paths,
          nemelex_xobeh_ov_fountains_minmay
D:3:      layout_loops_ring
D:4:      layout_loops_ring, okawaru_trees_1

Skill      XL: |  1  2  3 |
---------------+----------+-----
Dodging        | 2 |  2.7
Fire Magic     | 3 4 |  4.1
Stealth        | |  1.7
Spellcasting   | |  2.0
Conjurations   | |  1.0

Action                   |  1- 3 |  4- 6 || total
-------------------------+-------+-------++-------
Melee: Unarmed           |    17 |     4 ||    21
 Cast: Foxfire           |    46 |     4 ||    50
  Use: Potion            |       |     1 ||     1
 Stab: Sleeping          |     1 |       ||     1
Armor: Robe              |     1 |       ||     1
Dodge: Dodged            |     7 |     8 ||    15

Table legend: (Time is in decaauts)
 A = Elapsed time spent in this place.
 B = Non-inter-level travel time spent in this place.
 C = Inter-level travel time spent in this place.
 D = Time resting spent in this place.
 E = Time spent auto-exploring this place.
 F = Levels seen in this place.
 G = Mean time per level.
                   A        B        C        D        E       F      G
               +--------+--------+--------+--------+--------+-----+--------+
         Total |   1562 |   1525 |     37 |      0 |   1321 |   4 |  390.5 |
       Dungeon |   1562 |   1525 |     37 |      0 |   1321 |   4 |  390.5 |
               +--------+--------+--------+--------+--------+-----+--------+

Top non-repeatable levels by time:
     D:3: 1176 daAuts
     D:2: 181 daAuts
     D:1: 167 daAuts
     D:4: 36 daAuts
